 Dungeon Crawl Stone Soup version 0.25.0-45-g978344163c (webtiles) character file.

Game seed: 6185149995151377889

293687 generaletaddeo the Champion of Chaos (level 20, 0/182 HPs)
             Began as a Red Draconian Artificer on July 6, 2020.
             Was the Champion of Makhleb.
             Shot with a bolt by a yaktaur captain (48 damage)
             ... on level 2 of the Vaults on July 11, 2020.
             The game lasted 16:25:05 (83525 turns).

generaletaddeo the Champion of Chaos (DrAr)        Turns: 83525, Time: 16:25:06

Health: 0/182      AC: 21    Str: 20    XL:     20   Next: 1%
Magic:  20/32      EV: 18    Int: 19    God:    Makhleb [******]
Gold:   935        SH: 20    Dex: 14    Spells: 7/29 levels left

rFire    + . .     SeeInvis .   T - +0 whip of Linearity {drain, rElec rC+}
rCold    + + .     Gourm    .   D - +1 kite shield {AC+3}
rNeg     . . .     Faith    .   (armour unavailable)
rPois    .         Spirit   .   (helmet restricted)
rElec    +         Reflect  +   A - +2 cloak {rC+}
rCorr    .         Harm     .   n - +1 pair of gloves
MR       +....                  I - +2 pair of boots {run}
Stlth    ++........             H - amulet of reflection
HPRegen  0.40/turn              (no ring)
MPRegen  0.23/turn              Z - +6 ring of intelligence

@: studying Conjurations, quick
A: breathe fire, unfitting armour, fire resistance 1, cold-blooded, AC +10
}: 2/15 runes: barnacled, gossamer
a: Breathe Fire, Minor Destruction, Lesser Servant of Makhleb, Major
Destruction, Greater Servant of Makhleb, Renounce Religion


You were on level 2 of the Vaults.
You worshipped Makhleb.
Makhleb was exalted by your worship.
You were very hungry.

You visited 7 branches of the dungeon, and saw 35 of its levels.
You also visited: Gauntlet and Ice Cave.

You collected 3389 gold pieces.
You spent 2454 gold pieces at shops.

Inventory:

Hand Weapons
 g - the +12 Vampire's Tooth {vamp}
   (You found it on level 1 of the Depths)

   It inflicts no extra harm, but heals its wielder when it wounds a living foe.
 p - the +7 flail "Yleczam" {venom, *Corrode +Blink rPois MR+++}
   (You found it on level 3 of the Shoals)

   It poisons the flesh of those it strikes.
   It protects you from poison.
   It affects your resistance to hostile enchantments.
   It lets you blink.
   It may corrode you when you take damage.
 C - the +2 long sword of Tarol {vorpal, +Rage +Inv rC- Str+2 SInv}
   (You found it on level 10 of the Dungeon)

   It inflicts extra damage upon your enemies.
   It affects your strength (+2).
   It makes you vulnerable to cold.
   It lets you see invisible.
   It lets you turn invisible.
   It lets you go berserk.
 P - a +9 scimitar of flaming
 T - the +0 whip of Linearity (weapon) {drain, rElec rC+}
   (You found it on level 2 of the Lair of Beasts)

   A truly terrible weapon, it drains the life of those it strikes.
   It protects you from cold.
   It insulates you from electricity.
Armour
 n - a +1 pair of gloves (worn)
 A - a +2 cloak of cold resistance (worn)
 D - a +1 kite shield of protection (worn)
 I - a +2 pair of boots of running (worn)
 J - a +1 cloak of preservation
Jewellery
 h - an uncursed ring of protection from fire
 r - the ring "Aczibew" {rPois rF+ SInv}
   (You found it on level 1 of the Vaults)

   [ring of protection from fire]

   It protects you from fire.
   It protects you from poison.
   It lets you see invisible.
 s - an uncursed ring of wizardry
 H - an amulet of reflection (around neck)
 N - an uncursed ring of protection from cold
 O - an uncursed ring of protection from magic
 S - an uncursed ring of poison resistance
 W - an uncursed amulet of the acrobat
 Z - a +6 ring of intelligence (right hand)
Wands
 b - a wand of flame (34)
 c - a wand of enslavement (7)
 d - a wand of random effects (33)
 m - a wand of paralysis (8)
 o - a wand of iceblast (32)
 y - a wand of clouds (19)
 U - a wand of acid (25)
Scrolls
 a - 7 scrolls of fear
 i - 13 scrolls of remove curse
 k - 4 scrolls of blinking
 l - 2 scrolls of fog
 x - 2 scrolls of magic mapping
 z - a scroll of summoning
 G - a scroll of silence
 M - 8 scrolls of teleportation
 X - 2 scrolls of identify
Potions
 e - 5 potions of might
 j - 2 potions of resistance
 u - a potion of invisibility
 v - 5 potions of curing
 E - 2 potions of heal wounds
 K - 4 potions of ambrosia
 Q - 5 potions of haste
 V - 2 potions of cancellation
 Y - a potion of brilliance
Books
 w - a manual of Conjurations
Miscellaneous
 t - a phial of floods
 B - a lightning rod (4/4)
 F - a tin of tremorstones (3/3)
 L - 2 boxes of beasts
 R - a phantom mirror
Comestibles
 f - 48 rations


   Skills:
 - Level 16.6 Fighting
 - Level 7.3(10.9) Short Blades
 - Level 12.5(13.2) Long Blades
 - Level 9.6 Dodging
 - Level 0.8 Stealth
 - Level 15.0 Shields
 + Level 5.0 Spellcasting
 * Level 7.5 Conjurations
 - Level 2.0 Hexes
 - Level 4.4 Charms
 * Level 6.2 Fire Magic
 - Level 2.0 Ice Magic
 - Level 17.7 Invocations
 - Level 14.6 Evocations


You had 7 spell levels left.
You knew the following spells:

 Your Spells              Type           Power        Failure   Level  Hunger
a - Infusion              Chrm           ###.         1%          1    None
b - Song of Slaying       Chrm           ###.....     3%          2    #......
c - Ozocubu's Armour      Chrm/Ice       ###.....     10%         3    ##.....
d - Spectral Weapon       Hex/Chrm       ###.....     10%         3    ##.....
e - Corona                Hex            ##.....      5%          1    None
f - Conjure Flame         Conj/Fire      ####....     2%          3    ##.....
g - Sticky Flame          Conj/Fire      ####....     8%          4    ####...
h - Fireball              Conj/Fire      ####......   21%         5    ######.

Your spell library contained the following spells:

 Spells                   Type           Power        Failure   Level  Hunger
 Foxfire                  Conj/Fire      ####         1%          1    None
 Freeze                   Ice            ##..         5%          1    None
 Inner Flame              Hex/Fire       ###.....     7%          3    ##.....
 Shroud of Golubria       Chrm/Tloc      ##....       8%          2    #......
 Stone Arrow              Conj/Erth      ###...       8%          3    ##.....
 Ensorcelled Hibernation  Hex/Ice        ##....       9%          2    #......
 Slow                     Hex            ##......     9%          2    #......
 Animate Skeleton         Necr           N/A          12%         1    None
 Apportation              Tloc           #.....       12%         1    None
 Beastly Appendage        Tmut           #.....       12%         1    None
 Sandblast                Erth           #.....       12%         1    None
 Summon Small Mammal      Summ           #...         12%         1    None
 Confusing Touch          Hex            ##......     16%         3    ##.....
 Frozen Ramparts          Ice            ##....       16%         3    ##.....
 Tukima's Dance           Hex            ##......     16%         3    ##.....
 Hailstorm                Conj/Ice       ###.....     17%         4    ####...
 Passwall                 Tmut/Erth      #.......     19%         2    #......
 Sticks to Snakes         Tmut           #.......     19%         2    #......
 Portal Projectile        Hex/Tloc       #.....       24%         3    ##.....
 Gell's Gravitas          Tloc           #.........   36%         3    ##.....
 Spider Form              Tmut/Pois      #.........   36%         3    ##.....
 Cause Fear               Hex            ##........   47%         4    ####...
 Ice Form                 Ice/Tmut       #.......     63%         4    ####...
 Summon Ice Beast         Ice/Summ       #.......     63%         4    ####...
 Petrify                  Tmut/Erth      #.......     77%         4    ####...
 Metabolic Englaciation   Hex/Ice        ##........   83%         5    ######.
 Silence                  Hex/Air        #.........   92%         5    ######.
 Yara's Violent Unravell  Hex/Tmut       #.........   92%         5    ######.
 Blade Hands              Tmut           #.........   98%         5    ######.
 Lee's Rapid Deconstruct  Erth           #.........   98%         5    ######.
 Freezing Cloud           Conj/Ice/Air   ###.......   99%         6    #######
 Ozocubu's Refrigeration  Ice            ##........   100%        6    #######
 Simulacrum               Ice/Necr       #.........   100%        6    #######
 Discord                  Hex            ##........   100%        8    #######


Dungeon Overview and Level Annotations

Branches:
Dungeon (15/15)            Temple (0/1) D:6            Lair (6/6) D:9
 Shoals (4/4) Lair:4       Spider (4/4) Lair:3        Slime (0/5) Lair:5
    Orc (2/2) D:11            Elf (0/3) Orc:2        Vaults (2/5) D:14
 Depths (2/5) D:15          IceCv (visited)         Gauntlet (visited)
  Crypt: Vaults:2-3

Altars:
Ashenzari
Cheibriados
Dithmenos
Elyvilon
Fedhas
Hepliaklqana
Kikubaaqudgha
Makhleb
Qazlal
Sif Muna
Trog
Uskayaw
Vehumet
Wu Jian
Yredelemnul
Zin
Beogh
Jiyva

Shops:
D:12 !   D:15 [   Orc:2 ([*:   Depths:1 }=}

Portals:
Hell: Depths:1


Innate Abilities, Weirdness & Mutations

You can breathe blasts of fire.
Your fiery red scales are hard. (AC +10)
You cannot fit into any form of body armour.
Your flesh is heat resistant. (rF+)
You are cold-blooded and may be slowed by cold attacks.


Message History

The fireball explodes!
The fireball engulfs you! You resist.
* * * LOW HITPOINT WARNING * * *
The battlesphere fires!
The barrage of energy hits you but does no damage.
Evoke which item? (* to show all) (? for menu, Esc to quit)
Aiming: Corrosive Bolt
Press: ? - help, Shift-Dir - straight line, f/p - tengu reaver
Aim: a tengu reaver, wielding a +0 battleaxe of electrocution and wearing a +0 ring mail (severely wounded, strong, covered in liquid flames, covered in acid)
The bolt of acid hits the tengu reaver!!
The tengu reaver is splashed with acid.
You kill the tengu reaver!
Makhleb accepts your kill.
You feel better.
The battlesphere dissipates.
Things that are here:
a +0 battleaxe of electrocution; a +0 ring mail There isn't anything to butcher here.
Things that are here:
a +0 battleaxe of electrocution; a +0 ring mail The yaktaur captain shoots a bolt.
The bolt hits you!!!
You die...

......#########+##.#...#...#...#.
......# #.#...#...#...'. ......#
#.##.###.###.##. ###...# #..#.#
#.# #)#.. '...# #..#'#########..
.#...# #............... ..#...#
#...............
#########)..............
.....).@................
.............................
.....................###'### .
.........########'####...... .
........#...........'.##### .
........#...........#.#≈≈≈#
'######..c....#...........#.#≈≈≈#
......#.......#...........#.#####
....).).......#...........#......


You could see a yaktaur captain.

Vanquished Creatures
  A lich (Vaults:2)
  2 sphinxes (Vaults:2)
  A kraken (Shoals:1)
  A tengu reaver (Vaults:2)
  A storm dragon (Vaults:1)
  A fire giant (D:15)
  9 vault wardens
  4 ghost moths
  9 emperor scorpions
  2 ironheart preservers
  An orc warlord (Orc:2)
  3 stone giants (Depths:1)
  5 entropy weavers
  6 vampire knights
  2 spark wasps
  4 merfolk javelineers
  9 merfolk impalers
  3 ettins
  3 fire dragons
  7 yaktaur captains
  The ghost of kalagan the Cleaver, a journeyman GrFi of the Shining One (Lair:4)
  5 ice dragons
  5 vault guards
  2 hydras
  A catoblepas (Lair:6)
  2 rakshasas (D:15)
  Erica (D:10)
  4 merfolk avatars
  4 centaur warriors
  6 tengu warriors
  2 alligator snapping turtles
  2 satyrs (Shoals:3)
  5 ogre magi
  14 two-headed ogres
  4 merfolk aquamancers (Shoals:4)
  A deep troll shaman (D:15)
  4 deep troll earth magi
  6 death yaks
  2 vampire magi (Depths:1)
  4 orc high priests (Orc:2)
  A hell knight (Depths:1)
  5 fire crabs (D:13)
  A flayed ghost (Vaults:2)
  2 glowing orange brains
  7 deep trolls
  13 sea snakes
  3 wizards
  3 unseen horrors
  8 orc knights
  30 harpies
  6 ironbrand convokers
  6 necromancers
  26 wolf spiders
  4 orc sorcerers
  A stone giant zombie (Vaults:2)
  3 deep elf magi
  26 ugly things
  A cyclops (shapeshifter) (Vaults:2)
  11 manticores
  24 orb spiders
  21 cyclopes
  3 moths of wrath
  11 merfolk sirens
  13 fauns
  7 black mambas
  A sphinx skeleton (Vaults:2)
  2 ice statues (IceCv)
  Maurice (D:7)
  2 torpor snails
  5 vault sentinels
  Joseph (D:8)
  10 water nymphs
  6 centaur skeletons
  4 gargoyles
  26 spiny frogs
  4 komodo dragons
  2 freezing wraiths (Vaults:2)
  27 yaktaurs
  2 ice devils (IceCv)
  13 demonic crawlers
  A queen bee (Lair:4)
  6 trolls
  A kobold demonologist (D:12)
  4 tengu conjurers
  36 jumping spiders
  2 meliai (Lair:4)
  9 wind drakes
  25 merfolk
  5 tyrant leeches (Lair:6)
  4 hornets
  Prince Ribbit (D:7)
  A blink frog (shapeshifter) (Vaults:1)
  16 dream sheep
  23 blink frogs
  9 hippogriffs
  11 slime creatures
  8 snapping turtles
  A centaur simulacrum (D:14)
  77 redbacks
  5 water elementals (Shoals:4)
  A spriggan (Lair:5)
  2 wyverns
  21 tarantellas
  2 wraiths
  2 basilisks
  40 yaks
  Grum (D:10)
  3 hungry ghosts
  2 humans (D:14)
  6 vampire mosquitoes (Lair:6)
  4 wargs
  A soldier ant (D:12)
  2 swamp worms (Lair:1)
  6 water moccasins
  4 acid dragons
  9 porcupines
  Duvessa (D:7)
  A sky beast (D:8)
  A hornet zombie (D:15)
  34 orc warriors
  3 phantoms
  A black bear (Lair:4)
  A deep troll skeleton (Vaults:2)
  9 ice beasts
  5 centaurs
  35 wolves
  4 eyes of draining
  19 ogres
  2 boggarts (Vaults:2)
  8 crocodiles
  2 big kobolds
  23 bullfrogs
  2 human skeletons (Vaults:2)
  Dowan (D:7)
  2 wyvern skeletons
  3 scorpions
  21 killer bees
  10 wights
  4 howler monkeys
  10 crimson imps
  4 centaur zombies
  25 orc priests
  6 hounds
  2 jellies
  32 orc wizards
  A quasit (D:3)
  2 bullfrog skeletons
  A hell rat (D:9)
  2 iguanas
  4 worker ants
  Natasha (thrice) (D:2)
  A hound zombie (D:5)
  2 hound skeletons
  4 gnolls (Orc:2)
  2 river rats (D:9)
  9 adders
  A shadow imp (D:12)
  7 white imps (IceCv)
  13 ufetubi (IceCv)
  An ooze (D:2)
  2 adder skeletons
  4 worms
  5 dart slugs
  7 leopard geckos
  99 orcs
  4 ball pythons
  8 bats
  8 giant cockroaches
  8 goblins
  4 hobgoblins
  9 jackals
  21 kobolds
  3 quokkas
  6 frilled lizards
  A leopard gecko skeleton (D:5)
  A leopard gecko zombie (D:9)
  A quokka skeleton (D:8)
  7 rats
  3 plants
  4 tentacles (Shoals:1)
1371 creatures vanquished.

Vanquished Creatures (collateral kills)
  Saint Roka (Orc:2)
  A catoblepas (D:13)
  2 hydras
  A death knight (D:11)
  A death yak (D:9)
  A cyclops (D:11)
  An orc sorcerer (Orc:2)
  A gargoyle (D:11)
  3 ice devils (IceCv)
  A meliai (Lair:4)
  A troll (D:10)
  2 merfolk
  A blink frog (Lair:1)
  A killer bee (Lair:4)
  3 orc wizards
  An orc priest (D:11)
  A white imp (IceCv)
  5 orcs
  A quokka (D:11)
29 creatures vanquished.

Vanquished Creatures (others)
  A reaper (IceCv)
  A two-headed ogre (Vaults:1)
  A manticore (Shoals:2)
  A merfolk (Shoals:3)
  A redback (Spider:2)
  A boggart (Vaults:2)
  A killer bee (D:7)
  2 white imps (IceCv)
  An ufetubus (IceCv)
  An orc (Orc:2)
  A quokka (D:8)
  21 fungi
  79 plants
  12 spectral weapons
  27 tentacles (Shoals:1)
  2 withered plants (Lair:4)
153 creatures vanquished.

Grand Total: 1553 creatures vanquished

Notes
Turn   | Place    | Note
-------+----------+-------------------------------------------
     0 | D:1      | generaletaddeo the Draconian Artificer began the quest for
                  | the Orb.
     0 | D:1      | Reached XP level 1. HP: 16/16 MP: 3/3
   174 | D:1      | Reached XP level 2. HP: 20/24 MP: 4/4
   875 | D:1      | Reached XP level 3. HP: 28/30 MP: 5/5
  1490 | D:2      | Found a burning altar of Makhleb.
  1509 | D:2      | Became a worshipper of Makhleb the Destroyer
  1591 | D:2      | Reached XP level 4. HP: 27/37 MP: 6/6
  1894 | D:2      | Noticed Natasha
  1906 | D:2      | Killed Natasha
  2182 | D:2      | Noticed Natasha
  2205 | D:2      | Killed Natasha
  2205 | D:2      | Reached XP level 5. HP: 16/45 MP: 7/7
  2441 | D:2      | Noticed Natasha
  2455 | D:2      | Killed Natasha
  2798 | D:2      | Found a burning altar of Makhleb.
  3372 | D:3      | Found a basalt altar of Yredelemnul.
  3504 | D:3      | Reached * piety under Makhleb
  4254 | D:3      | Reached XP level 6. HP: 35/52 MP: 8/8
  4593 | D:3      | Found an ancient bone altar of Kikubaaqudgha.
  4681 | D:3      | Noticed an angel
  4682 | D:3      | Found a glowing silver altar of Zin.
  4834 | D:3      | Found a snail-covered altar of Cheibriados.
  5093 | D:3      | Found a hazy altar of Hepliaklqana.
  5480 | D:4      | Identified the Guide on Hexes
  5727 | D:3      | Reached skill level 5 in Fighting
  6745 | D:5      | Entered Level 5 of the Dungeon
  7402 | D:5      | Your scales start taking on a fiery red colour.
  7402 | D:5      | Reached XP level 7. HP: 61/61 MP: 10/10
  7402 | D:5      | Gained mutation: Your flesh is heat resistant. (rF+) [Red
                  | Draconian growth]
  7431 | D:5      | Found a blossoming altar of Fedhas.
  7529 | D:5      | Reached ** piety under Makhleb
  7648 | D:5      | Found a radiant altar of Vehumet.
  7679 | D:5      | Identified a +1 pair of boots of running (You found it on
                  | level 5 of the Dungeon)
  8213 | D:5      | Reached skill level 5 in Short Blades
  8263 | D:6      | Found a shadowy altar of Dithmenos.
  8673 | D:6      | Found an ornate altar of the Wu Jian Council.
  8809 | D:6      | Reached skill level 5 in Evocations
  8921 | D:6      | Reached skill level 1 in Invocations
  9167 | D:6      | Found a blossoming altar of Fedhas.
  9225 | D:6      | Found a staircase to the Ecumenical Temple.
  9413 | D:6      | Reached skill level 2 in Invocations
  9446 | D:6      | Reached XP level 8. HP: 51/70 MP: 12/12
  9706 | D:6      | Reached skill level 3 in Invocations
  9744 | D:6      | Reached skill level 4 in Invocations
 10093 | D:7      | Noticed a hippogriff
 10141 | D:6      | Killed a hippogriff
 10141 | D:6      | Reached skill level 5 in Invocations
 10952 | D:7      | Found a hide-covered altar of Uskayaw.
 10971 | D:7      | Noticed Prince Ribbit
 10999 | D:7      | Killed Prince Ribbit
 10999 | D:7      | Reached skill level 6 in Invocations
 11209 | D:7      | Found a shattered altar of Ashenzari.
 11318 | D:7      | Noticed Duvessa
 11345 | D:7      | Noticed Dowan
 11347 | D:7      | Killed Duvessa
 11347 | D:7      | Reached XP level 9. HP: 71/75 MP: 13/13
 11349 | D:7      | Killed Dowan
 11391 | D:7      | Reached *** piety under Makhleb
 11966 | D:7      | Reached skill level 7 in Invocations
 12333 | D:8      | Noticed Maurice
 12539 | D:7      | Killed Maurice
 12607 | D:7      | Reached skill level 8 in Invocations
 12879 | D:8      | Noticed Joseph
 12926 | D:8      | Killed Joseph
 13102 | D:8      | Reached skill level 9 in Invocations
 13171 | D:8      | Found a bloodstained altar of Trog.
 13253 | D:8      | Found a shimmering blue altar of Sif Muna.
 13305 | D:8      | Found a white marble altar of Elyvilon.
 13481 | D:9      | Noticed a two-headed ogre
 13739 | D:9      | Reached XP level 10. HP: 84/86 MP: 16/16
 13870 | D:9      | Noticed a red ugly thing
 13890 | D:8      | Killed a red ugly thing
 13890 | D:8      | Reached **** piety under Makhleb
 14017 | D:9      | Reached skill level 10 in Invocations
 14190 | D:9      | Found a staircase to the Lair.
 14194 | D:9      | Noticed a death yak
 14273 | D:9      | Killed a two-headed ogre
 14429 | D:9      | Found a stormy altar of Qazlal.
 14500 | D:9      | Noticed a death yak
 14554 | D:9      | Killed a death yak
 14556 | D:9      | Noticed a death yak
 14936 | D:8      | Killed a death yak
 14936 | D:8      | Reached skill level 11 in Invocations
 15463 | D:10     | Entered Level 10 of the Dungeon
 15578 | D:10     | Reached XP level 11. HP: 90/95 MP: 19/19
 16161 | D:10     | Got a polished long sword
 16161 | D:10     | Identified the cursed +2 long sword of Tarol {vorpal, +Rage
                  | +Inv rC- Str+2 SInv} (You found it on level 10 of the
                  | Dungeon)
 16386 | D:11     | Noticed an unseen horror
 16393 | D:11     | Killed an unseen horror
 16393 | D:11     | Reached skill level 12 in Invocations
 16586 | D:11     | Noticed Grum
 16627 | D:10     | Your ally died
 17087 | D:11     | Noticed an eight-headed hydra
 17202 | D:11     | Noticed Erica
 17225 | D:10     | Killed Erica
 17640 | D:8      | Killed a death yak
 17716 | Lair:1   | Entered Level 1 of the Lair of Beasts
 17905 | Lair:1   | Reached skill level 10 in Fighting
 18730 | Lair:1   | Noticed an eight-headed hydra
 18777 | Lair:1   | Killed an eight-headed hydra
 20004 | Lair:2   | You fall into a shaft and drop 2 floors!
 20290 | Lair:2   | Got a faintly glowing whip
 20290 | Lair:2   | Identified the +0 whip of Linearity {drain, rElec rC+} (You
                  | found it on level 2 of the Lair of Beasts)
 20779 | Lair:1   | Reached XP level 12. HP: 87/110 MP: 21/21
 21525 | Lair:3   | Found a glowing silver altar of Zin.
 22600 | D:11     | Killed an eight-headed hydra
 22933 | D:11     | Noticed a death knight
 23340 | D:11     | Found a staircase to the Orcish Mines.
 23724 | D:11     | Reached skill level 13 in Invocations
 23858 | D:11     | Found an ornate altar of the Wu Jian Council.
 23964 | D:11     | Killed a death knight
 23964 | D:11     | Reached skill level 10 in Evocations
 24112 | D:12     | Found a frozen archway.
 24480 | D:12     | Found Nopnoi's Distillery.
 24490 | D:12     | Bought a potion of heal wounds for 55 gold pieces
 24490 | D:12     | Bought a potion of curing for 33 gold pieces
 24490 | D:12     | Bought a potion of curing for 33 gold pieces
 24490 | D:12     | Bought a potion of haste for 110 gold pieces
 24524 | IceCv    | Entered an ice cave
 24700 | IceCv    | Killed a reaper
 26576 | Orc:1    | Entered Level 1 of the Orcish Mines
 26878 | D:12     | Reached skill level 1 in Long Blades
 27373 | D:12     | Reached skill level 14 in Invocations
 27543 | D:13     | Noticed a two-headed ogre
 27635 | D:13     | Found a runed translucent door.
 27860 | D:13     | Reached XP level 13. HP: 122/122 MP: 15/23
 28354 | D:13     | Reached skill level 5 in Long Blades
 29899 | Lair:3   | Found a hole to the Spider Nest.
 29977 | Lair:3   | HP: 1/123 [redback (15)]
 30768 | Lair:3   | Reached skill level 1 in Shields
 31915 | Lair:4   | Reached ***** piety under Makhleb
 32163 | Lair:4   | Found a runed translucent door.
 32166 | Lair:4   | Noticed kalagan's ghost (journeyman GrFi)
 32313 | Lair:4   | Reached skill level 5 in Shields
 32879 | Lair:4   | Found a staircase to the Shoals.
 34484 | Lair:4   | Reached skill level 15 in Invocations
 34797 | Lair:4   | Reached XP level 14. HP: 132/132 MP: 25/25
 35568 | Lair:5   | Found a viscous altar of Jiyva.
 35568 | Lair:5   | Found a staircase to the Slime Pits.
 37801 | D:14     | Paralysed by a wizard for 7 turns
 38199 | D:15     | Entered Level 15 of the Dungeon
 38260 | D:15     | Found a staircase to the Depths.
 38260 | D:15     | Noticed a fire giant
 38307 | D:15     | Killed a fire giant
 38524 | D:15     | Identified a scroll of acquirement
 38551 | D:15     | Found a gate leading to a gauntlet.
 38594 | D:15     | Got the +8 quick blade "Xavuin" {vorpal, Dex+2}
 38596 | Gauntlet | Entered a Gauntlet
 38596 | Gauntlet | Found a transporter.
 38601 | Gauntlet | Found a transporter.
 38602 | Gauntlet | Found a transporter.
 38616 | Gauntlet | Found a transporter.
 38618 | Gauntlet | Found a transporter.
 38637 | Gauntlet | Found a transporter.
 38655 | Gauntlet | Found a transporter.
 38665 | Gauntlet | Found a transporter.
 38677 | Gauntlet | Found a transporter.
 38677 | Gauntlet | Found a transporter.
 38688 | Gauntlet | Found a transporter.
 38692 | Gauntlet | Found a transporter.
 38712 | Gauntlet | Found a transporter.
 38716 | Gauntlet | Found a transporter.
 38821 | D:15     | Found Uvafiar's Antique Armour Shoppe.
 38830 | D:15     | Found a stormy altar of Qazlal.
 39472 | D:15     | Reached ****** piety under Makhleb
 39472 | D:15     | Reached skill level 15 in Fighting
 39574 | D:15     | Reached skill level 16 in Invocations
 40905 | Orc:2    | Entered Level 2 of the Orcish Mines
 41118 | Orc:1    | Found a roughly hewn altar of Beogh.
 42140 | Orc:2    | Found a staircase to the Elven Halls.
 42545 | Orc:2    | Noticed Saint Roka
 43173 | Lair:6   | Entered Level 6 of the Lair of Beasts
 43762 | Lair:6   | Reached XP level 15. HP: 141/141 MP: 27/27
 43901 | Lair:6   | Reached skill level 5 in Dodging
 45994 | Spider:1 | Entered Level 1 of the Spider Nest
 46336 | Spider:1 | Noticed a ghost moth
 46344 | Spider:1 | Killed a ghost moth
 49353 | Spider:1 | Reached XP level 16. HP: 98/150 MP: 28/28
 50406 | Spider:2 | Upgraded the game from 0.25.0-33-gff14898491 to
                  | 0.25.0-37-gb73750e0fb
 51424 | Spider:3 | Reached skill level 17 in Invocations
 51988 | Spider:4 | Entered Level 4 of the Spider Nest
 52290 | Shoals:1 | Entered Level 1 of the Shoals
 53458 | Shoals:1 | Noticed a kraken
 58928 | Shoals:3 | Reached XP level 17. HP: 158/158 MP: 29/29
 59424 | Shoals:3 | Reached skill level 10 in Long Blades
 60010 | Shoals:2 | HP: 4/158 [wind drake/the air (9)]
 60566 | Shoals:3 | Identified the +7 flail "Yleczam" {venom, *Corrode +Blink
                  | rPois MR+++} (You found it on level 3 of the Shoals)
 60667 | Shoals:1 | Killed a kraken
 64472 | Spider:4 | Got a gossamer rune of Zot
 64866 | Orc:2    | Killed Saint Roka
 65790 | Orc:2    | Paralysed by an orc sorcerer for 6 turns
 65984 | Orc:2    | Found Kemipn's General Store.
 65985 | Orc:2    | Found Uriroek's Book Shoppe.
 65988 | Orc:2    | Found Biomus's Antique Armour Emporium.
 65988 | Orc:2    | Found Qiferuusk's Antique Weapon Emporium.
 66035 | Orc:2    | Bought a lightning rod (4/4) for 600 gold pieces
 66035 | Orc:2    | Bought a box of beasts for 300 gold pieces
 66040 | Orc:2    | Bought a book of Battle for 600 gold pieces
 66042 | Orc:2    | Learned a level 1 spell: Infusion
 66045 | Orc:2    | Learned a level 2 spell: Song of Slaying
 66046 | Orc:2    | Bought a scroll of identify for 30 gold pieces
 66464 | Shoals:4 | Entered Level 4 of the Shoals
 66605 | Shoals:4 | Reached XP level 18. HP: 75/168 MP: 30/30
 67183 | Shoals:4 | Reached skill level 1 in Charms
 67397 | Shoals:4 | Reached skill level 1 in Spellcasting
 69431 | Shoals:4 | Got a barnacled rune of Zot
 70128 | Lair:4   | Learned a level 3 spell: Ozocubu's Armour
 70132 | Lair:4   | Learned a level 3 spell: Spectral Weapon
 70203 | Lair:4   | Killed kalagan's ghost
 71148 | D:14     | Found a gate to the Vaults.
 71260 | Depths:1 | Entered Level 1 of the Depths
 71269 | D:15     | Reached skill level 10 in Shields
 71313 | Depths:1 | Found a gateway to Hell.
 71888 | D:15     | Learned a level 1 spell: Corona
 72645 | Depths:1 | Found the +12 Vampire's Tooth {vamp}
 72993 | Depths:1 | Paralysed by a vampire knight for 3 turns
 74479 | Depths:1 | Found Summ's Jewellery Shop.
 74480 | Depths:1 | Found Vezxuuk's Gadget Emporium.
 74480 | Depths:1 | Found Ogroulel's Gadget Emporium.
 74497 | Depths:1 | Bought a wand of iceblast (10) for 168 gold pieces
 75490 | Depths:1 | Upgraded the game from 0.25.0-37-gb73750e0fb to
                  | 0.25.0-41-g26779e291d
 76479 | Depths:1 | Acquired a manual of Conjurations
 76590 | Vaults:1 | Entered Level 1 of the Vaults
 76808 | Vaults:1 | Reached XP level 19. HP: 149/174 MP: 27/31
 77191 | Vaults:1 | Got a vibrating pewter ring
 77196 | Vaults:1 | Identified the ring "Aczibew" {rPois rF+ SInv} (You found
                  | it on level 1 of the Vaults)
 79794 | Vaults:2 | Paralysed by a hornet for 3 turns
 80644 | Vaults:2 | Reached skill level 15 in Shields
 81077 | Orc:2    | Bought a book of Flames for 525 gold pieces
 81081 | Orc:2    | Learned a level 3 spell: Conjure Flame
 81289 | Vaults:2 | Reached skill level 1 in Hexes
 81295 | Vaults:2 | Reached skill level 1 in Ice Magic
 81896 | Vaults:2 | Reached skill level 1 in Conjurations
 81896 | Vaults:2 | Reached skill level 1 in Fire Magic
 82011 | Vaults:2 | Learned a level 4 spell: Sticky Flame
 82408 | Vaults:2 | Learned a level 5 spell: Fireball
 82598 | Vaults:2 | Reached skill level 5 in Conjurations
 82752 | Vaults:2 | Reached skill level 5 in Fire Magic
 82938 | Vaults:2 | Noticed a lich
 82946 | Vaults:2 | Killed a lich
 83231 | Vaults:2 | Upgraded the game from 0.25.0-41-g26779e291d to
                  | 0.25.0-45-g978344163c
 83501 | Vaults:2 | Reached skill level 5 in Spellcasting
 83503 | Vaults:2 | Reached XP level 20. HP: 182/182 MP: 32/32
 83525 | Vaults:2 | Shot with a bolt by a yaktaur captain

Illustrated notes

Levels and vault maps discovered:
D:1:      lemuel_arrival_broad_hall, layout_loops_ring
D:2:      layout_loops_cross, lightli_temple_of_fire, serial_bayou_ford_a,
          uniq_natasha
D:3:      layout_basic, kennysheep_slug_shrine, yredelemnul_altar_generic,
          zin_angel, overflow_temple_1_default, lemuel_round_altar, first_ration
D:4:      layout_basic, hangedman_abyss_or_decor_passed
D:5:      layout_gridville, lemuel_round_altar, kennysheep_mini, serial_bayou,
          serial_bayou_pond_e, serial_bayou_shore_a, serial_bayou_lagoon_a,
          serial_bayou_pond_a, chequers_serial_rivers_micro_d
D:6:      layout_cave_pods, nicolae_overflow_crystal_walls,
          grunt_dithmenos_smoke_and_mirrors, temple_pool_b, fedhas_altar_2
D:7:      layout_loops_ring, eat_drink_and_be_merry_uskayaw,
          kennysheep_little_box, uniq_prince_ribbit1, uniq_duvessa
D:8:      layout_cave_pools, elyvilon_altar_4, lemuel_doored_altar,
          lemuel_round_altar, uniq_maurice, uniq_joseph
D:9:      layout_rooms, lemuel_round_altar, dpeg_lair_monsters
D:10:     layout_loops_ring
D:11:     layout_loops_ring, erik_orc_4, basic_altar, uniq_erica, uniq_grum
D:12:     layout_long_grid, portal_ice_cave_entry_ice_beasts, serial_shops, shop
D:13:     gammafunk_mikee_crab_dinner, layout_cave_pools
D:14:     layout_rooms, grunt_vaults_entry_fortified, serial_park_square1
          [serial_park_minivault_5x5_6], serial_glass, glass_columns_b,
          glass_columns_a, minivault_5
D:15:     grunt_enter_depths_giant_problem, layout_basic, serial_shops,
          nicolae_shop_temple_entry_statues_fountains, gauntlet_entry_generic,
          minmay_misc_feat_iff, minmay_misc_feat_roman,
          nicolae_qazlal_style_of_elements
Lair:1:   layout_gridlike, worms_lemuel
Lair:2:   layout_cave_pods
Lair:3:   layout_regular_city, nicolae_spider_entry_tight_spaces, basic_altar
Lair:4:   layout_roguey, elwin_shoals_entry_stream, gammafunk_ghost_grave,
          special_room [special_room_bee]
Lair:5:   layout_long_grid, dpeg_slime_entry_enclosed_altar,
          grunt_forest_large_clearings, serial_bayou_shore_b, lemuel_fruit_tree,
          serial_bayou_shore_b
Lair:6:   minmay_lair_end_frog_pond, layout_layer_cave
Shoals:1: layout_shoals, nicolae_shoals_stone_sculpture_thing,
          nicolae_shoals_kraken_intersection
Shoals:2: layout_shoals, st_shoals_ruin
Shoals:3: layout_shoals, nicolae_shoals_seven_spires, hangedman_shoals_cup_caves
Shoals:4: shoals_end_hangedman, layout_shoals, yaktaur_hedge
Spider:1: layout_spider_delve
Spider:2: layout_spider_delve
Spider:3: layout_spider_delve
Spider:4: grunt_spider_rune_circles, drop_trap
Orc:1:    layout_caves, basic_altar, elves_outpost_lemuel
Orc:2:    st_orc_congregation, layout_caves, uniq_saint_roka
Vaults:1: nicolae_vaults_angled_halls, v_alt_pattern_1,
          ontoclasm_vaults_ring_small, hangedman_vaults_locks,
          vaults_mumra_bighexcomb, hangedman_vaults_impose,
          ontoclasm_vaults_claustrophobia, nicolae_vaults_asterisk,
          nicolae_vaults_little_ls, nicolae_vaults_circle_grid_b,
          layout_vaults_omnibox
Vaults:2: st_octagons_1, vaults_room_door_hall, nicolae_vaults_angled_halls,
          vaults_mumra_chevron, vaults_dpeg_encased_lava, hangedman_vaults_hat,
          vaults_room_octagon, nicolae_vaults_windows_and_doors_thing,
          nicolae_vaults_border_crossing, nicolae_vaults_yaktaur_gun_rack,
          vaults_room_grunt_arrival_ludios, nicolae_vaults_rhombus_5,
          layout_vaults_chaotic_city
Depths:1: layout_cave_shapes, patterned_corridor, hell_entry,
          minmay_guarded_unrand_vampires_tooth, minmay_shop_grove
Depths:2: due_chaos_kobolds, layout_cave_pools, hell_entry,
          nicolae_island_escapes, uniq_enchantress

Skill      XL: |  1  2  3  4  5  6  7  8  9 10 11 12 13 14 15 16 17 18 19 |
---------------+----------------------------------------------------------+-----
Fighting       | 2 3 4 5 7 8 11 13 14 15 16 | 16.6
Short Blades   | 2 3 4 5 6 7 |  7.3
Evocations     | 4 5 6 7 9 10 11 12 13 14 | 14.6
Invocations    | 2 6 9 11 12 14 15 16 17 | 17.7
Long Blades    | 3 7 9 12 | 12.5
Shields        | 6 7 13 15 | 15.0
Dodging        | 4 7 9 |  9.6
Charms         | 4 |  4.4
Spellcasting   | 3 5 |  5.0
Hexes          | 2 |  2.0
Ice Magic      | 2 |  2.0
Conjurations   | 7 |  7.5
Fire Magic     | 6 |  6.2
Stealth        | |  0.8

Action                   |  1- 3 |  4- 6 |  7- 9 | 10-12 | 13-15 | 16-18 | 19-21 || total
-------------------------+-------+-------+-------+-------+-------+-------+-------++-------
Melee: Short sword       |   154 |   141 |    63 |       |       |       |       ||   358
       Tailslap          |    12 |    27 |    17 |    57 |   217 |   297 |   187 ||   814
       Dagger            |       |   122 |    98 |   240 |   227 |       |       ||   687
       Long sword        |       |       |       |    33 |    72 |   189 |     5 ||   299
       Whip              |       |       |       |    36 |    26 |       |    41 ||   103
       Scimitar          |       |       |       |    15 |    62 |   217 |    48 ||   342
       Quick blade       |       |       |       |       |   612 |  1030 |   642 ||  2284
       Flail             |       |       |       |       |       |    14 |   114 ||   128
Throw: Dart              |    15 |    97 |    59 |    41 |     4 |       |       ||   216
 Cast: Infusion          |       |       |       |       |       |    39 |    12 ||    51
       Ozocubu's Armour  |       |       |       |       |       |    30 |    22 ||    52
       Spectral Weapon   |       |       |       |       |       |    25 |     3 ||    28
       Song of Slaying   |       |       |       |       |       |     5 |    11 ||    16
       Corona            |       |       |       |       |       |     1 |       ||     1
       Sticky Flame      |       |       |       |       |       |       |    12 ||    12
       Conjure Flame     |       |       |       |       |       |       |     6 ||     6
Invok: Minor Destruction |       |       |   188 |   698 |  1224 |  1274 |   159 ||  3543
       Major Destruction |       |       |       |     5 |     4 |     4 |       ||    13
       Lesser Servant of |       |       |       |    15 |     6 |     2 |       ||    23
       Greater Servant o |       |       |       |       |       |     1 |       ||     1
 Abil: Breathe Fire      |       |       |     5 |    10 |    41 |    80 |    12 ||   148
       Evoke Flight      |       |       |       |       |       |    20 |       ||    20
       Evoke Berserk Rag |       |       |       |       |       |     4 |       ||     4
       Stop Flying       |       |       |       |       |       |     2 |       ||     2
       Evoke Invisibilit |       |       |       |       |       |     2 |       ||     2
       Evoke Blink       |       |       |       |       |       |     1 |     1 ||     2
Evoke: Wand              |       |     7 |    13 |    14 |    16 |    31 |    14 ||    95
  Use: Scroll            |       |     7 |     3 |    11 |    18 |    17 |     5 ||    61
       Potion            |       |       |     3 |     5 |     7 |     3 |     1 ||    19
 Stab: Paralysed         |       |     4 |       |       |       |       |     3 ||     7
       Sleeping          |       |     2 |     2 |     1 |       |     5 |       ||    10
       Confused          |       |       |       |       |     2 |       |       ||     2
       Distracted        |       |       |       |       |       |     3 |     3 ||     6
       Invisible         |       |       |       |       |       |     1 |       ||     1
  Eat: Chunk             |     2 |    15 |    11 |    28 |    46 |    67 |    24 ||   193
       Ration            |       |     1 |     2 |     5 |     7 |    13 |     1 ||    29
Armor: Skin              |    39 |    74 |    60 |   191 |   353 |   556 |   122 ||  1395
Dodge: Dodged            |    93 |   140 |    77 |   215 |   528 |  1012 |   258 ||  2323
Block: Kite shield       |       |    16 |   150 |   351 |   886 |  1622 |   554 ||  3579
       Reflection        |       |       |     8 |    11 |    58 |   144 |    42 ||   263
       Other             |       |       |     1 |       |       |       |       ||     1
       Rpst.: Long sword |       |       |       |     6 |    10 |    23 |       ||    39
       Scimitar          |       |       |       |     3 |     9 |    39 |     6 ||    57
